 Dungeon Crawl Stone Soup version 0.13-a0-3110-gf6e36dc (webtiles) character file.

999 PolkaDot the Ruinous (level 7, -1/35 HPs)
             Began as a Deep Elf Wizard on Sept 20, 2013.
             Was a Follower of Kikubaaqudgha.
             Killed from afar by an orc wizard (10 damage)
             ... with a puff of flame
             ... on Level 6 of the Dungeon.
             The game lasted 00:38:58 (4221 turns).

PolkaDot the Ruinous (Deep Elf Wizard)              Turns: 4221, Time: 00:38:58

HP  -1/35        AC  8     Str  5      XL: 7   Next: 77%
MP   8/22        EV 12     Int 24      God: Kikubaaqudgha [*.....]
Gold 112         SH  0     Dex 13      Spells:  7 memorised,  1 level left

Res.Fire  : . . .   See Invis. : .   (no weapon)
Res.Cold  : . . .   Warding    : .   a - +0 elf robe
Life Prot.: . . .   Conserve   : .   (no shield)
Res.Poison: .       Res.Corr.  : .   b - +2 elf wizard hat
Res.Elec. : .       Clarity    : .   y - +0 cloak
Sust.Abil.: . .     Spirit.Shd : .   g - +2 pair of gloves
Res.Mut.  : .       Stasis     : .   (no boots)
Res.Rott. : .       Flight     : .   t - amulet of the gourmand
Gourmand  : +                        l - ring of sustenance
                                     I - ring of teleport control

@: confused, slightly resistant to hostile enchantments, very unstealthy
A: deterioration 2, spit poison 1
a: Spit Poison, Receive Corpses, Renounce Religion, Evoke Teleport Control


You were on level 6 of the Dungeon.
You worshipped Kikubaaqudgha.
Kikubaaqudgha was most pleased with you.
You were completely stuffed.

You visited 1 branch of the dungeon, and saw 6 of its levels.

You collected 299 gold pieces.
You spent 207 gold pieces at shops.

Inventory:

Hand weapons
 B - a +1,+0 short sword of speed
 C - a +0,+2 orcish sabre of electrocution
Armour
 a - a +0 elven robe (worn)
 b - a +2 elven wizard hat (worn)
 g - a +2 pair of gloves (worn)
 y - a +0 cloak (worn)
 z - a +0 buckler
Magical devices
 k - a wand of magic darts (19) {unknown}
 r - a wand of teleportation (3) {unknown}
 A - a wand of random effects (18)
 L - a wand of disintegration (17) {unknown}
Comestibles
 d - 2 bread rations
 h - a choko
 o - 2 meat rations
 w - a slice of pizza
Scrolls
 f - a scroll of immolation {unknown}
 j - 2 scrolls of blinking
 m - a scroll of fog
 n - 8 scrolls of remove curse
 q - 2 scrolls of noise
 s - 2 scrolls of fear
 x - 2 scrolls of enchant armour
 E - 2 scrolls of teleportation
 F - 2 scrolls of amnesia
 H - a scroll of identify
Jewellery
 l - a ring of sustenance (right hand)
 t - an amulet of the gourmand (around neck)
 u - an uncursed ring of see invisible
 G - an uncursed amulet of stasis {unknown}
 I - a ring of teleport control (left hand)
Potions
 v - 2 potions of speed
 D - a potion of magic
 K - 2 potions of restore abilities
Books
 c - a book of Minor Magic

   Spells                             Type                      Level
   *Magic Dart                        Conjuration                  1
   *Blink                             Translocation                2
   Call Imp                           Summoning                    2
   Repel Missiles                     Charms/Air                   2
   Slow                               Hexes                        2
   *Conjure Flame                     Conjuration/Fire             3
   *Mephitic Cloud                    Conjuration/Poison/Air       3
 e - a book of Battle

   Spells                             Type                      Level
   Infusion                           Charms                       1
   Shroud of Golubria                 Charms/Translocation         2
   Song of Slaying                    Charms                       2
   Spectral Weapon                    Hexes/Charms                 3
   *Regeneration                      Charms/Necromancy            3
   Song of Shielding                  Charms                       4
 i - a book of Enchantments

   Spells                             Type                      Level
   Cause Fear                         Hexes                        4
   Silence                            Hexes/Air                    5
   Tukima's Dance                     Hexes                        5
   Deflect Missiles                   Charms/Air                   6
   Haste                              Charms                       6
   Discord                            Hexes                        8
 p - Kikubaaqudgha's Papyrus of Darkness
   (Kikubaaqudgha gifted it to you on level 4 of the Dungeon)

   Spells                             Type                      Level
   *Pain                              Necromancy                   1
   Lethal Infusion                    Charms/Necromancy            2
   *Sublimation of Blood              Necromancy                   2
   *Regeneration                      Charms/Necromancy            3
   Control Undead                     Necromancy                   4


   Skills:
 - Level 2.4 Dodging
 - Level 2.4 Stealth
 - Level 5.0 Spellcasting
 - Level 6.8 Conjurations
 * Level 3.6 Charms
   Level 1.1 Summonings
 * Level 3.6 Necromancy
 - Level 4.2 Translocations
 + Level 1.4 Evocations


You had one spell level left.
You knew the following spells:

 Your Spells              Type           Power        Failure   Level  Hunger
a - Pain                  Necr           ###.         1%          1    None
d - Conjure Flame         Conj/Fire      ###.....     10%         3    ##.....
f - Mephitic Cloud        Conj/Pois/Air  ###.....     12%         3    ##.....
q - Blink                 Tloc           N/A          1%          2    None
r - Regeneration          Chrm/Necr      ###.......   10%         3    ##.....
s - Magic Dart            Conj           ####         1%          1    None
w - Sublimation of Blood  Necr           ###.......   3%          2    None


Dungeon Overview and Level Annotations

Branches:
Dungeon (6/27)
 Temple: D:4-7          Orc: D:6-11

Altars:
Kikubaaqudgha
Nemelex Xobeh

Shops:
D:4 ![   D:5 =

Annotations:
D:3 Sigmund


Innate Abilities, Weirdness & Mutations

Your body is deteriorating.
You can spit poison.


Message History

Casting: Magic Dart
Confirm with . or Enter, or press ? or * to list all spells.
Aiming: Conjure Flame
Press: ? - help, Dir - move target cursor The fire roars!
You see here an orcish short sword.
A scorpion zombie comes into view.
The orc wizard casts a spell.
The orc wizard flickers and vanishes!
You open the door.
An adder and a giant mite come into view.
The magic dart hits you!
* * * LOW HITPOINT WARNING * * *
You close the door.
You are confused.
Drink which item? (? for menu, Esc to quit)
Okay, then.
The puff of flame hits you!
You die...
Kikubaaqudgha rasps: "You have failed me!
Welcome... death!"

###U# #....#g#
#....#ยง# #.S.s#.#
....#.# ...#)# #..
..#.# #...####+#.#
#.....@....# .
#..........# ...
#.######...#
#..####.# #...#
#.......# #...#
#.......# #...#
#.......# #...#
##.....<.######...#
..................%#


There were no monsters in sight!

Vanquished Creatures
  Grinder (D:3)
  The ghost of dsn the Sneak, an average SpEn (D:4)
  A black bear (D:3)
  A crimson imp (D:5)
  Crazy Yiuf (D:4)
  A hound (D:6)
  An orc wizard (D:4)
  4 orc priests
  A worker ant (D:4)
  A giant frog skeleton (D:5)
  A big fish zombie (D:2)
  6 adders
  2 giant geckos
  14 orcs
  A ball python (D:1)
  2 bat zombies (D:2)
  9 giant cockroaches
  8 hobgoblins
  6 jackals
  3 quokkas
  9 bats
  A giant gecko skeleton (D:4)
  3 giant newts
  7 goblins
  4 kobolds
  A kobold skeleton (D:5)
  5 rats
  A rat skeleton (D:4)
  3 rat zombies (D:2)
99 creatures vanquished.

Notes
Turn   | Place    | Note
--------------------------------------------------------------
     0 | D:1      | PolkaDot, the Deep Elf Wizard, began the quest for the Orb.
     0 | D:1      | Reached XP level 1. HP: 8/8 MP: 7/7
   642 | D:1      | Reached XP level 2. HP: 13/13 MP: 7/10
  1424 | D:2      | Reached XP level 3. HP: 11/17 MP: 7/13
  1609 | D:2      | Learned a level 3 spell: Conjure Flame
  1613 | D:2      | Learned a level 3 spell: Mephitic Cloud
  1616 | D:2      | Learned a level 2 spell: Blink
  1879 | D:2      | Found an ancient bone altar of Kikubaaqudgha.
  1901 | D:2      | Reached XP level 4. HP: 22/22 MP: 9/16
  1919 | D:2      | Became a worshipper of Kikubaaqudgha
  2149 | D:3      | Noticed Sigmund
  2608 | D:3      | Noticed Grinder
  2622 | D:3      | Killed Grinder
  2622 | D:3      | Reached skill level 6 in Conjurations
  2622 | D:3      | Reached XP level 5. HP: 26/26 MP: 5/18
  2622 | D:3      | Reached XP level 6. HP: 31/31 MP: 5/20
  2841 | D:4      | Found Coimoa's Armour Boutique.
  2846 | D:4      | Found Frijuhof's Distillery.
  2856 | D:4      | Bought a +2 pair of gloves for 193 gold pieces
  2860 | D:4      | Noticed dsn's ghost (average SpEn)
  2991 | D:4      | Acquired Kikubaaqudgha's first power
  2991 | D:4      | Received a gift from Kikubaaqudgha
  2992 | D:4      | Identified Kikubaaqudgha's Papyrus of Darkness (Kikubaaqudgha gifted it to you on level 4 of the Dungeon)
  2996 | D:4      | Learned a level 2 spell: Sublimation of Blood
  3071 | D:4      | Bought a potion of slowing for 14 gold pieces
  3087 | D:4      | Gained mutation: Your body is slowly deteriorating. [potion of mutation]
  3087 | D:4      | Gained mutation: You can spit poison. [potion of mutation]
  3087 | D:4      | Gained mutation: Your body is deteriorating. [potion of mutation]
  3106 | D:4      | Found a sparkling altar of Nemelex Xobeh.
  3143 | D:3      | Reached skill level 1 in Necromancy
  3143 | D:3      | Reached XP level 7. HP: 31/35 MP: 0/22
  3283 | D:4      | Killed dsn's ghost
  3283 | D:4      | Reached skill level 5 in Spellcasting
  3288 | D:4      | Learned a level 3 spell: Regeneration
  3295 | D:4      | Learned a level 1 spell: Pain
  3445 | D:4      | Noticed Crazy Yiuf
  3452 | D:4      | Killed Crazy Yiuf
  3452 | D:4      | Reached skill level 1 in Charms
  3659 | D:5      | Entered Level 5 of the Dungeon
  3767 | D:5      | Reached skill level 1 in Evocations
  3874 | D:5      | Found Rimyib's Jewellery Emporium.
  4221 | D:6      | Killed from afar by an orc wizard

Action                   |  1- 3 |  4- 6 |  7- 9 || total
-------------------------+-------+-------+-------++-------
Melee: Unarmed           |     2 |       |       ||     2
       Short sword       |       |    10 |       ||    10
 Cast: Magic Dart        |    93 |   111 |    40 ||   244
       Mephitic Cloud    |       |     5 |     4 ||     9
       Sublimation of Bl |       |     2 |     6 ||     8
       Blink             |       |     1 |     2 ||     3
       Conjure Flame     |       |     1 |     1 ||     2
       Pain              |       |       |    42 ||    42
       Regeneration      |       |       |     5 ||     5
Evoke: Wand              |       |     1 |       ||     1
  Use: Potion            |       |     4 |     1 ||     5
       Scroll            |       |    16 |     7 ||    23
